Map: Celestial Enclave LE

Players

SLicKcHeeZEE - Winner!

  • Race: Zerg Zerg
  • League: Bronze
  • Spawn Location: 7:00

A.I. 1 (Elite)

  • Race: Terran Terran
  • Spawn Location: 1:00

VOD

Have the link to the VOD?

Description

Time

  • Played on: Sept. 27, 2026, 3:16 a.m.
  • Length: 10:56
Show
View Real Time Build Order
Export as new Build Order

SLicKcHeeZEE Zerg - Winner!

Build Orders: Hatch First, Roach Hydra 

Get SALT Encoding   

  8  0:00  Drone  
  9  0:10  Drone  
  10  0:16  Drone  
  11  0:27  Overlord  
  11  0:33  Drone  
  12  0:45  Drone x2  
  14  0:51  Drone  
  15  1:13  Hatchery  
  15  1:17  Drone  
  15  1:19  Drone  
  15  1:24  Drone  
  17  1:39  Spawning Pool  
  16  1:42  Drone  
  16  1:45  Extractor  
  16  1:48  Drone  
  16  1:51  Drone  
  18  2:00  Drone  
  19  2:11  Overlord  
  19  2:25  Queen  
  19  2:26  Queen  
  19  2:29  Zergling x2  
  24  2:32  Drone  
  24  2:34  Drone  
  24  2:37  Drone  
  27  2:40  Drone  
  28  2:47  Metabolic Boost  
  28  2:51  Extractor  
  28  2:54  Overlord  
  27  3:03  Roach Warren  
  26  3:10  Drone  
  26  3:11  Drone  
  28  3:18  Drone  
  29  3:22  Lair  
  29  3:26  Drone  
  30  3:36  Overlord  
  30  3:45  Roach x3  
  36  3:50  Roach  
  38  3:59  Queen  
  40  4:20  Hydralisk Den  
  40  4:21  Glial Reconstitution  
  40  4:23  Overlord  
  39  4:27  Drone x2  
  39  4:28  Drone x2  
  43  4:40  Drone x2  
  45  4:50  Hydralisk x2  
  45  4:51  Hydralisk  
  51  4:53  Hydralisk  
  51  4:58  Overlord  
  53  5:03  Drone  
  53  5:04  Drone  
  53  5:05  Drone  
  56  5:09  Grooved Spines  
  56  5:17  Evolution Chamber  
  56  5:19  Drone  
  56  5:23  Drone x2  
  56  5:25  Drone  
  59  5:35  Hatchery  
  58  5:41  Extractor, Overlord  
  57  5:47  Zerg Missile Weapons Level 1  
  57  5:52  Drone x3  
  60  6:00  Muscular Augments  
  60  6:04  Baneling Nest  
  60  6:05  Drone x2  
  60  6:06  Drone  
  60  6:07  Overlord  
  62  6:15  Drone x2  
  62  6:17  Evolution Chamber  
  63  6:20  Overlord  
  63  6:29  Hydralisk x2  
  63  6:31  Hydralisk  
  71  6:39  Roach  
  75  6:40  Roach x2  
  75  6:41  Roach  
  79  6:52  Zerg Ground Armor Level 1  
  79  6:55  Queen  
  81  7:05  Zergling x8  
  81  7:06  Zergling x6  
  81  7:07  Zergling x2  
  89  7:20  Overlord  
  89  7:21  Overlord  
  89  7:26  Hydralisk  
  91  7:33  Baneling  
  91  7:34  Baneling x4  
  91  7:36  Baneling x3  
  91  7:43  Hydralisk  
  91  7:44  Hydralisk x2  
  97  8:04  Hydralisk x2  
  101  8:12  Overlord  
  101  8:13  Extractor  
  100  8:41  Roach x7  
  110  8:42  Roach  
  101  9:34  Hydralisk x6  
  101  9:35  Hydralisk  
  107  9:55  Hydralisk  
  107  9:56  Hydralisk x7  
  113  10:25  Roach x3  
Show
View Real Time Build Order
Export as new Build Order

A.I. 1 (Elite) Terran 

Build Orders: 2 Factory, Mech 

Get SALT Encoding   

  8  0:00  SCV  
  9  0:13  SCV  
  10  0:25  SCV  
  11  0:37  SCV  
  12  0:46  Supply Depot  
  12  0:49  SCV  
  13  1:07  SCV  
  13  1:10  Barracks  
  14  1:20  SCV  
  15  1:32  SCV  
  16  1:44  SCV  
  17  1:49  Refinery  
  17  1:56  SCV, Supply Depot  
  17  1:58  Marine  
  19  2:08  SCV  
  20  2:11  Refinery  
  20  2:16  Marine  
  20  2:20  SCV  
  22  2:32  SCV  
  22  2:34  Marine  
  24  2:44  SCV  
  24  2:47  Factory  
  25  2:51  Marine  
  25  2:56  SCV  
  27  3:06  Factory  
  27  3:08  SCV  
  27  3:09  Marine  
  27  3:12  Supply Depot  
  29  3:33  Marine, SCV  
  31  3:35  Factory Tech Lab  
  31  3:45  SCV  
  32  3:50  Factory Tech Lab  
  32  3:51  Marine  
  33  3:57  SCV  
  34  4:09  SCV  
  35  4:18  Barracks  
  35  4:22  SCV  
  36  4:34  SCV  
  36  4:36  Supply Depot  
  37  4:57  SCV, Siege Tank  
  41  5:01  Marine  
  41  5:04  Supply Depot  
  42  5:09  SCV  
  42  5:11  Barracks Tech Lab  
  43  5:21  Factory, SCV, Command Center  
  43  5:26  Hellion  
  43  5:27  Supply Depot  
  46  5:29  Siege Tank  
  46  5:33  SCV  
  50  5:45  Infernal Pre-Igniter  
  50  5:46  Orbital Command  
  50  5:47  Hellion  
  52  5:54  Supply Depot  
  52  5:59  Marine  
  52  6:01  Siege Tank  
  52  6:02  Marine  
  57  6:09  Hellion x2  
  61  6:18  Supply Depot  
  61  6:20  Armory  
  61  6:30  Siege Tank  
  64  6:33  SCV  
  64  6:34  SCV  
  66  6:42  Marauder  
  66  6:45  SCV  
  66  6:46  SCV  
  69  6:58  SCV  
  69  7:00  SCV  
  71  7:02  Armory  
  71  7:03  Marauder  
  73  7:09  Terran Vehicle And Ship Armor Level 1  
  73  7:10  SCV, Engineering Bay  
  73  7:12  SCV  
  75  7:22  SCV  
  76  7:24  SCV  
  76  7:25  Marauder  
  76  7:28  Supply Depot  
  79  7:30  Refinery  
  79  7:34  SCV  
  79  7:36  SCV  
  81  7:38  Terran Infantry Weapons Level 1  
  81  7:40  Engineering Bay  
  81  7:41  Siege Tank  
  84  7:44  Command Center  
  84  7:46  SCV  
  84  7:50  SCV  
  86  7:55  Terran Vehicle Weapons Level 1  
  87  7:58  SCV  
  87  8:01  Supply Depot  
  87  8:02  SCV  
  91  8:05  Siege Tank  
  91  8:06  Terran Infantry Armor Level 1  
  91  8:09  Hellion  
  93  8:13  Hellion  
  93  8:15  Marauder  
  97  8:20  Orbital Command  
  97  8:24  Supply Depot  
  97  8:28  Missile Turret  
  97  8:31  Missile Turret  
  97  8:34  Cyclone  
  97  8:38  Cyclone  
  103  8:42  Hellion  
  103  8:46  Marine  
  106  8:50  Supply Depot, Marine  
  106  8:53  Stimpack  
  107  8:57  SCV x2  
  107  8:59  SCV  
  90  9:03  Hellion  
  90  9:04  Marine  
  90  9:08  Marine  
  90  9:09  SCV, Siege Tank  
  85  9:13  SCV  
  85  9:14  SCV  
  87  9:20  Siege Tank  
  87  9:21  SCV, Marine  
  92  9:25  SCV  
  92  9:26  Marine, SCV  
  95  9:33  SCV  
  95  9:38  SCV  
  97  9:39  Marine, Refinery  
  97  9:41  Siege Tank  
  97  9:44  Marauder  
  97  9:45  SCV  
  104  9:50  SCV  
  85  9:57  Marine, Hellion  
  72  10:00  Hellion  
  72  10:02  SCV  
  72  10:06  Marauder, Command Center  
  78  10:14  Hellion, SCV  
  78  10:15  Marine  
  77  10:26  SCV  
Tags
 
Add a new tag
Caveats
  • Supply blocks, unpowered buildings, or Contaminate may cause inaccurate times.
  • Supply counts are checked every 10 seconds.